 Dungeon Crawl Stone Soup version 0.27-a0-1158-gaa87e14f67 (webtiles) character file.

Game seed: 6316067662965858985

42255 jasper the Sage (level 13, 0/113 HPs)
             Began as a Demonspawn Wanderer on May 15, 2021.
             Was a High Priest of Sif Muna.
             Slain by Donald
             ... wielding a +0 vorpal broad axe
              (16 damage)
             ... on level 2 of the Orcish Mines.
             The game lasted 00:59:32 (29986 turns).

jasper the Sage (Demonspawn Wanderer)              Turns: 29986, Time: 00:59:32

Health: 0/113      AC: 22    Str: 10    XL:     13   Next: 84%
Magic:  14/25      EV: 12    Int: 26    God:    Sif Muna [*****.]
Gold:   1198       SH: 12    Dex: 16    Spells: 5/28 levels left

rFire    . . .     SeeInvis +   X - +8 flail of Stickiness {vorpal, Int+2}
rCold    . . .     Faith    .   O - +0 kite shield
rNeg     . . .     Spirit   .   w - +5 ring mail {rPois}
rPois    +         Reflect  +   (helmet unavailable)
rElec    .         Harm     .   e - +2 cloak
rCorr    .         Rampage  .   a - +2 pair of gloves
Will     .....                  d - +0 pair of boots
Stlth    +.........             y - amulet of reflection
HPRegen  0.28/turn              C - ring of wizardry
MPRegen  0.19/turn              n - +6 ring of intelligence

@: about to teleport
A: antennae 3, slimy green scales 2, foul stench 1, powered by pain 1, robust 1
a: Renounce Religion, Channel Magic, Forget Spell, Divine Exegesis


You were on level 2 of the Orcish Mines.
You worshipped Sif Muna.
Sif Muna was extremely pleased with you.
You visited 4 branches of the dungeon, and saw 22 of its levels.
You also visited: Volcano.

You collected 1899 gold pieces.
You spent 701 gold pieces at shops.

Inventory:

Hand Weapons
 v - a +6 dire flail of draining
 X - the +8 flail of Stickiness (weapon) {vorpal, Int+2}
   (You found it on level 11 of the Dungeon)

   It inflicts extra damage upon your enemies.
   It affects your intelligence (+2).
Missiles
 j - 556 stones
 l - 41 boomerangs
 r - 5 javelins
 I - 3 throwing nets
 N - 4 curare-tipped darts
 S - 4 boomerangs of dispersal
Armour
 a - a +2 pair of gloves (worn)
 d - a +0 pair of boots (worn)
 e - a +2 cloak (worn)
 i - a scarf of shadows
 t - a +2 robe of the Archmagi
 w - a +5 ring mail of poison resistance (worn)
 D - a +3 leather armour of fire resistance
 J - +0 steam dragon scales
 M - a +2 ring mail of cold resistance
 O - a +0 kite shield (worn)
Magical Staves
 u - a staff of fire
 B - a staff of earth
Jewellery
 f - a ring of poison resistance
 n - a +6 ring of intelligence (right hand)
 o - a ring of see invisible
 x - a ring of protection from cold
 y - an amulet of reflection (around neck)
 C - a ring of wizardry (left hand)
 F - a +6 ring of strength
Wands
 A - a wand of polymorph (23)
 E - a wand of charming (14)
 G - a wand of flame (17)
 L - a wand of paralysis (22)
 P - a wand of iceblast (9)
Scrolls
 g - 2 scrolls of teleportation
 h - 2 scrolls of immolation
 s - 2 scrolls of amnesia
 K - a scroll of fog
 Q - a scroll of blinking
 T - a scroll of enchant armour
Potions
 b - 3 potions of ambrosia
 c - 5 potions of curing
 k - 2 potions of resistance
 m - a potion of magic
 p - 2 potions of brilliance
 q - 2 potions of invisibility
 z - 3 potions of lignification
 H - a potion of berserk rage
 U - 2 potions of haste
 V - a potion of flight
 W - 3 potions of might
 Z - 2 potions of attraction
Miscellaneous
 Y - a tin of tremorstones (2/2)


   Skills:
 - Level 10.0 Fighting
 - Level 1.0 Throwing
 - Level 6.0 Armour
 - Level 10.0 Dodging
 - Level 1.0 Shields
 - Level 8.0 Spellcasting
 + Level 4.1 Conjurations
 - Level 3.0 Hexes
 * Level 11.7 Summonings
 - Level 6.0 Ice Magic
 - Level 1.0 Air Magic
 - Level 12.1 Invocations


You had 5 spell levels left.
You knew the following spells:

 Your Spells              Type           Power      Damage    Failure   Level
a - Summon Small Mammal   Summ           100%       N/A       1%          1
b - Call Imp              Summ           63%        N/A       1%          2
c - Summon Guardian Gole  Hex/Summ       48%        N/A       4%          3
d - Ozocubu's Armour      Ice            41%        N/A       9%          3
e - Frozen Ramparts       Ice            82%        1d10      9%          3
f - Summon Ice Beast      Ice/Summ       54%        N/A       9%          4
g - Spellforged Servitor  Conj/Summ      25%        N/A       100%        7

Your spell library contained the following spells:

 Spells                   Type           Power      Damage    Failure   Level
 Call Canine Familiar     Summ           63%        N/A       1%          3
 Freeze                   Ice            100%       1d11      2%          1
 Static Discharge         Conj/Air       23%        N/A       16%         2
 Summon Lightning Spire   Summ/Air       43%        N/A       22%         4
 Confusing Touch          Hex            26%        N/A       26%         3
 Corpse Rot               Necr/Air       N/A        N/A       34%         2
 Hailstorm                Conj/Ice       36%        3d9       34%         4
 Gell's Gravitas          Tloc           5%         N/A       65%         3
 Metabolic Englaciation   Hex/Ice        16%        N/A       77%         5
 Iskenderun's Battlesphe  Conj           32%        2d8       80%         5
 Petrify                  Tmut/Erth      10%        N/A       95%         4
 Yara's Violent Unravell  Hex/Tmut       9%         3d6       98%         5
 Bolt of Magma            Conj/Fire/Erth 8%         4d6       99%         5
 Iron Shot                Conj/Erth      10%        9d3       100%        6
 Orb of Destruction       Conj           16%        9d7       100%        7


Dungeon Overview and Level Annotations

Branches:
Dungeon (13/15)            Temple (1/1) D:6            Lair (6/6) D:10
 Shoals (0/4) Lair:2       Spider (0/4) Lair:3        Slime (0/5) Lair:5
    Orc (2/2) D:9             Elf (0/3) Orc:2       Volcano (visited)
 Vaults: D:13-14

Altars:
Ashenzari
Cheibriados
Dithmenos
Elyvilon
Fedhas
Gozag
Hepliaklqana
Kikubaaqudgha
Makhleb
Nemelex Xobeh
Okawaru
Qazlal
Sif Muna
Trog
Uskayaw
Vehumet
Wu Jian
Xom
Yredelemnul
Zin
The Shining One
Beogh

Shops:
D:3 (   D:5 =   D:8 [   Orc:2 !*(*

Annotations:
D:3 1 runed translucent door, Crazy Yiuf
D:4 3 runed translucent doors, noodleboyJ's ghost, amateur SpWr
D:6 2 transporters
Lair:3 exclusion: oklob plant
Orc:2 Donald


Innate Abilities, Weirdness & Mutations

You have a pair of large antennae on your head. (SInv)
You are mostly covered in slimy green scales. (AC +3)
You may rarely emit foul miasma when damaged in melee.
You sometimes gain a little power by taking damage.
You are robust. (+10% HP)


Message History

You block Donald's attack.
Donald hits your ice beast with a +0 vorpal broad axe!!
Donald hits your ice beast with a +0 vorpal broad axe!
Casting: Summon Guardian Golem (mildly dangerous; 4% risk of failure)
Confirm with . or Enter, or press ? or * to list all spells.
You block Donald's attack.
Donald hits your ice beast with a +0 vorpal broad axe!!!
Donald hits your ice beast with a +0 vorpal broad axe!!
Your ice beast dies!
Donald hits your ice beast with a +0 vorpal broad axe!
Donald blocks your ice beast's attack.
You now have 5/25 mp.
Casting: Summon Small Mammal (safe; 1% risk of failure)
Confirm with . or Enter, or press ? or * to list all spells.
Donald hits you with a +0 vorpal broad axe!
Donald hits your ice beast with a +0 vorpal broad axe!
Donald barely misses your ice beast.
Your guardian golem is destroyed!
Donald blocks your ice beast's attack.
Your ice beast barely misses Donald.
Donald hits you with a +0 vorpal broad axe!!
Donald hits your ice beast with a +0 vorpal broad axe!!
Your ice beast dies!
Donald hits your ice beast with a +0 vorpal broad axe!!
Donald hits your bat with a +0 vorpal broad axe!
Your bat dies!
Your bat's corpse disappears in a puff of smoke!
You take 40 damage, and have 41/113 hp.
MASSIVE DAMAGE!!
You now have 4/25 mp.
Donald blocks your ice beast's attack.
Okay, then.
As you read the scroll of teleportation, it crumbles to dust.
You feel strangely unstable.
Donald hits you with a +0 vorpal broad axe!!
* * * LOW HITPOINT WARNING * * *
You focus on the pain.
You feel your power returning.
* * * LOW HITPOINT WARNING * * *
Donald hits your quokka with a +0 vorpal broad axe!!
Your quokka dies!
Your quokka's corpse disappears in a puff of smoke!
Donald hits you with a +0 vorpal broad axe!
You die...

#################### ###
..#..#....#....##..###....
....................#......
...........................
..........................#
.....[[.........)..........
................).>........
...........................
................@§.........
.................@Y........
...........................
)...).....).......)†.......
....)......................
...........................
...........................
...........................
...........................


You could see Donald (fast, strong, ally target) and a friendly ice beast
(summoned).

Vanquished Creatures
  Gastronok (D:8)
  Nessos (Orc:2)
  Josephine (Orc:2)
  A hydra (Lair:5)
  2 centaur warriors (Orc:2)
  Erica (Lair:1)
  3 two-headed ogres
  3 orc knights
  Pikel (D:4)
  A deep elf pyromancer (D:13)
  A manticore (D:10)
  2 orc sorcerers (Orc:1)
  5 cyclopes
  2 salamanders (Volcano)
  A black mamba (Lair:5)
  Joseph (D:7)
  A gargoyle (Volcano)
  4 elephants (Lair:4)
  5 cane toads
  3 rime drakes
  8 komodo dragons
  A polar bear (Lair:1)
  2 trolls (D:11)
  Grinder (D:5)
  7 blink frogs (Lair:2)
  Sigmund (D:4)
  A shadow (D:12)
  2 wraiths
  A wyvern (D:8)
  14 yaks
  4 vampire mosquitoes (D:12)
  5 steam dragons
  A warg (Orc:1)
  14 water moccasins
  2 hell hounds (Lair:1)
  2 ice beasts
  28 orc warriors
  3 sky beasts
  4 black bears
  2 necrophages
  4 ogres
  15 centaurs
  A lemure (D:4)
  2 kobold brigands (D:8)
  11 bullfrogs
  A wyvern zombie (D:8)
  A scorpion (D:5)
  A water moccasin zombie (D:5)
  9 killer bees
  4 wights (D:7)
  6 electric eels
  4 howler monkeys
  4 centaur zombies
  2 bullfrog zombies (D:6)
  A jelly (D:5)
  A hound (D:4)
  A gnoll shaman (D:9)
  13 orc priests
  An iguana (D:6)
  8 orc wizards
  7 hell rats (Lair:5)
  2 killer bee zombies
  2 hound zombies (D:5)
  A hound skeleton (D:4)
  4 howler monkey zombies
  5 gnolls
  An adder (D:4)
  2 shadow imps (D:7)
  2 ufetubi
  2 dart slugs
  82 orcs
  A ball python (D:4)
  4 endoplasms
  A giant cockroach (D:2)
  3 goblins
  3 hobgoblins
  3 jackals
  2 kobolds (D:3)
  A quokka (D:1)
  2 bats
  A frilled lizard (D:3)
  A rat (D:2)
365 creatures vanquished.

Vanquished Creatures (collateral kills)
  2 hydras (Lair:2)
  An orc knight (Orc:2)
  A cane toad (Lair:4)
  A komodo dragon (Lair:4)
  A polar bear (Lair:5)
  5 blink frogs
  A basilisk (Lair:3)
  3 yaks
  2 wraiths (Orc:1)
  A warg (Orc:2)
  7 orc warriors
  3 centaurs
  An ogre (Orc:2)
  A kobold brigand (D:8)
  A scorpion (D:5)
  A hound (D:5)
  3 orc priests
  A jelly (D:7)
  Jessica (D:3)
  Terence (D:3)
  Natasha (thrice) (D:2)
  2 adders
  3 gnolls
  A white imp (D:7)
  An adder skeleton (D:4)
  4 worms
  15 orcs
  3 ball pythons
  4 endoplasms
  A giant cockroach (D:1)
  5 hobgoblins
  3 jackals
  A frilled lizard (D:1)
  5 goblins
  5 rats
94 creatures vanquished.

Vanquished Creatures (others)
  2 boulder beetles
  An orc knight (Orc:2)
  Edmund (D:4)
  A hornet zombie (D:8)
  3 orc warriors
  3 ogres
  A centaur (D:8)
  A lemure (D:4)
  Blork the orc (D:4)
  A wight (D:7)
  An iguana (D:4)
  2 orc wizards
  An orc (D:3)
  21 fungi
  36 plants
76 creatures vanquished.

Grand Total: 535 creatures vanquished

Notes
Turn   | Place    | Note
-------+----------+-------------------------------------------
     0 | D:1      | jasper the Demonspawn Wanderer began the quest for the Orb.
     0 | D:1      | jasper set off with the following items: a +0 dagger, a
                  | potion of curing, a +0 robe; and the following spell
                  | memorised: Summon Small Mammal; and the following spells
                  | available to memorise: Call Imp, Corpse Rot, Static
                  | Discharge, Call Canine Familiar, Summon Guardian Golem,
                  | Summon Lightning Spire, Summon Ice Beast
     0 | D:1      | Reached XP level 1. HP: 13/13 MP: 6/6
  1255 | D:1      | Gained mutation: You have a pair of small antennae on your
                  | head. [demonic ancestry]
  1255 | D:1      | Reached XP level 2. HP: 19/19 MP: 1/8
  1258 | D:1      | Learned a level 2 spell: Call Imp
  1966 | D:2      | Noticed Natasha
  1973 | D:2      | Killed Natasha
  1974 | D:2      | Gained mutation: You sometimes gain a little power by
                  | taking damage. [demonic ancestry]
  1974 | D:2      | Reached XP level 3. HP: 18/24 MP: 1/9
  2041 | D:2      | Learned a level 3 spell: Summon Guardian Golem
  2159 | D:2      | Learned a level 3 spell: Ozocubu's Armour
  2163 | D:2      | Learned a level 3 spell: Frozen Ramparts
  2459 | D:2      | Noticed Natasha
  2464 | D:2      | Killed Natasha
  2676 | D:2      | Noticed Natasha
  2706 | D:2      | Killed Natasha
  2707 | D:2      | Reached skill level 1 in Hexes
  2707 | D:2      | Reached skill level 1 in Ice Magic
  2707 | D:2      | Gained mutation: You may rarely emit foul miasma when
                  | damaged in melee. [demonic ancestry]
  2707 | D:2      | Reached XP level 4. HP: 30/30 MP: 7/11
  3164 | D:3      | Noticed Jessica
  3186 | D:3      | Killed Jessica
  3348 | D:3      | Found Meelyjem's Weapon Shoppe.
  3359 | D:3      | Bought a +0 trident for 38 gold pieces
  3640 | D:3      | Reached XP level 5. HP: 22/35 MP: 6/12
  3912 | D:3      | Noticed Terence
  3940 | D:3      | Killed Terence
  4151 | D:3      | Found a runed translucent door.
  4152 | D:3      | Noticed Crazy Yiuf
  4545 | D:3      | Found a shadowy altar of Dithmenos.
  4799 | D:4      | Found a runed translucent gate.
  4808 | D:4      | Found a runed translucent gate.
  4831 | D:4      | Found a runed translucent gate.
  5022 | D:4      | Noticed Blork the orc
  5033 | D:4      | Killed Blork the orc
  5048 | D:4      | Noticed Edmund
  5062 | D:4      | Killed Edmund
  5063 | D:4      | Reached skill level 5 in Summonings
  5063 | D:4      | Gained mutation: You have a pair of antennae on your head.
                  | [demonic ancestry]
  5063 | D:4      | Reached XP level 6. HP: 41/41 MP: 2/13
  5207 | D:4      | Noticed Sigmund
  5268 | D:4      | HP: 2/41 [Sigmund/magic dart (4)]
  5272 | D:4      | Killed Sigmund
  5610 | D:4      | Noticed an ice beast
  5645 | D:4      | Gained mutation: You have a pair of large antennae on your
                  | head. (SInv) [demonic ancestry]
  5645 | D:4      | Reached XP level 7. HP: 46/46 MP: 6/14
  5737 | D:4      | Noticed Pikel
  5750 | D:4      | Killed Pikel
  5751 | D:4      | Reached skill level 5 in Ice Magic
  5758 | D:4      | Learned a level 4 spell: Summon Ice Beast
  5923 | D:4      | Reached XP level 8. HP: 52/52 MP: 15/15
  6191 | D:4      | Noticed noodleboyJ's ghost (amateur SpWr)
  6241 | D:5      | Entered Level 5 of the Dungeon
  6436 | D:5      | Found Ixze's Jewellery Emporium.
  6489 | D:5      | Found a radiant altar of Vehumet.
  7106 | D:5      | Noticed Grinder
  7109 | D:5      | Paralysed by Grinder for 3 turns
  7139 | D:5      | Killed Grinder
  7497 | D:5      | Identified the +8 mace "Luuciuck" {vorpal, Dex+4}
  7577 | D:5      | Reached skill level 1 in Armour
  7635 | D:5      | Identified the +7 war axe of Kaloit {flame, rPois rCorr
                  | Int-5 Stlth+}
  7672 | D:6      | Reached skill level 1 in Fighting
  7764 | D:6      | Reached skill level 1 in Dodging
  8061 | D:6      | Found a transporter.
  8103 | D:6      | Found a hazy altar of Hepliaklqana.
  8413 | D:6      | Reached XP level 9. HP: 39/61 MP: 12/16
  8686 | D:6      | Found a staircase to the Ecumenical Temple.
  8703 | Temple   | Entered the Ecumenical Temple
  8785 | Temple   | Became a worshipper of Sif Muna the Loreminder
  8811 | D:6      | Found a transporter.
  9215 | D:7      | Noticed Joseph
  9226 | D:7      | Killed Joseph
  9614 | D:7      | Found an iron altar of Okawaru.
  9734 | D:7      | Found a hide-covered altar of Uskayaw.
  9985 | D:7      | Reached skill level 5 in Armour
 10083 | D:7      | Identified the +4 dagger of Lach {drain, +Rage rF- rN+}
 10774 | D:8      | Found a snail-covered altar of Cheibriados.
 10775 | D:8      | Found Cheibriados's Comfort Zone.
 11320 | D:8      | Reached * piety under Sif Muna
 11408 | D:8      | Gained mutation: You are partially covered in slimy green
                  | scales. (AC +2) [demonic ancestry]
 11408 | D:8      | Reached XP level 10. HP: 65/73 MP: 10/17
 11701 | D:8      | Reached skill level 5 in Fighting
 11900 | D:8      | Noticed a cyclops
 11911 | D:8      | Killed a cyclops
 11912 | D:8      | Reached skill level 5 in Dodging
 12353 | D:8      | Noticed Gastronok
 12364 | D:8      | Killed Gastronok
 12920 | D:9      | Reached ** piety under Sif Muna
 13448 | D:9      | Gained mutation: You are mostly covered in slimy green
                  | scales. (AC +3) [demonic ancestry]
 13448 | D:9      | Reached XP level 11. HP: 86/86 MP: 15/18
 13694 | D:9      | Found a staircase to the Orcish Mines.
 13863 | D:9      | Found Zin's Purification Station.
 13873 | D:9      | Reached *** piety under Sif Muna
 13876 | D:9      | Bought a potion of curing for 90 gold pieces
 13900 | D:9      | Noticed a two-headed ogre
 13917 | D:9      | Killed a two-headed ogre
 14008 | D:9      | Found a snail-covered altar of Cheibriados.
 14432 | D:10     | Entered Level 10 of the Dungeon
 14727 | D:10     | Noticed a two-headed ogre
 14733 | D:10     | Killed a two-headed ogre
 14786 | D:10     | Found a burning altar of Makhleb.
 15077 | D:10     | Found a staircase to the Lair.
 15332 | D:10     | Found an ornate altar of the Wu Jian Council.
 16226 | D:11     | Found an ornate altar of the Wu Jian Council.
 16270 | D:11     | Reached skill level 10 in Fighting
 16540 | D:11     | Identified the +8 flail of Stickiness {vorpal, Int+2}
 17142 | D:12     | Noticed a two-headed ogre
 17155 | D:12     | Killed a two-headed ogre
 17378 | D:12     | Reached skill level 10 in Dodging
 17378 | D:12     | Reached skill level 1 in Invocations
 18016 | D:13     | Noticed a deep elf pyromancer
 18025 | D:13     | Killed a deep elf pyromancer
 18026 | D:13     | Reached skill level 2 in Invocations
 18266 | D:13     | Noticed a centaur warrior
 18267 | D:13     | Noticed a vault guard
 18550 | Lair:1   | Entered Level 1 of the Lair of Beasts
 18795 | Lair:1   | Reached skill level 3 in Invocations
 18795 | Lair:1   | Gained mutation: You are robust. (+10% HP) [demonic
                  | ancestry]
 18795 | Lair:1   | Reached XP level 12. HP: 87/106 MP: 16/19
 18891 | Lair:1   | Reached skill level 4 in Invocations
 19104 | Lair:1   | Found a dark tunnel.
 19125 | Volcano  | Entered a volcano
 19254 | Volcano  | Reached **** piety under Sif Muna
 19255 | Volcano  | Reached skill level 5 in Invocations
 19448 | Volcano  | Reached skill level 6 in Invocations
 19834 | Lair:1   | Noticed Erica
 19847 | Lair:1   | Killed Erica
 20110 | Lair:1   | Reached skill level 7 in Invocations
 20493 | Lair:2   | Found a staircase to the Shoals.
 20501 | Lair:2   | Reached skill level 10 in Summonings
 20504 | Lair:2   | Reached skill level 8 in Invocations
 21213 | Lair:2   | Reached skill level 9 in Invocations
 21529 | Lair:2   | Noticed an eight-headed hydra
 21542 | Lair:2   | Killed an eight-headed hydra
 21869 | Lair:2   | Noticed a six-headed hydra
 21878 | Lair:2   | Killed a six-headed hydra
 21879 | Lair:2   | Reached skill level 10 in Invocations
 22186 | Lair:3   | Found a hole to the Spider Nest.
 22232 | Lair:3   | Noticed a boulder beetle
 23352 | Lair:3   | Killed a boulder beetle
 23594 | Lair:4   | Reached skill level 11 in Invocations
 23762 | Lair:4   | Identified the +1 hunting sling of Articulation {vorpal,
                  | Str+4 Dex+2}
 23821 | Lair:4   | You fall into a shaft and drop 2 floors!
 23821 | Lair:6   | Entered Level 6 of the Lair of Beasts
 23897 | Lair:5   | Noticed a five-headed hydra
 23911 | Lair:5   | Killed a five-headed hydra
 24141 | Lair:5   | Reached skill level 12 in Invocations
 24141 | Lair:5   | Reached XP level 13. HP: 105/113 MP: 17/22
 24526 | Lair:5   | Found a staircase to the Slime Pits.
 25319 | Lair:4   | Found an ornate altar of the Wu Jian Council.
 25319 | Lair:4   | Found a hide-covered altar of Uskayaw.
 26600 | Orc:1    | Entered Level 1 of the Orcish Mines
 27112 | Orc:1    | Learned a level 7 spell: Spellforged Servitor
 27616 | Orc:2    | Entered Level 2 of the Orcish Mines
 27636 | Orc:1    | Reached skill level 1 in Conjurations
 27775 | Orc:2    | Reached ***** piety under Sif Muna
 27779 | Orc:2    | Received a gift from Sif Muna
 27868 | Orc:2    | Noticed Nessos
 27885 | Orc:2    | Killed Nessos
 28154 | Orc:2    | Noticed Josephine
 28212 | Orc:2    | Found Dobahel's Antique Weapon Boutique.
 28212 | Orc:2    | Found Ycamnyniru's General Store.
 28212 | Orc:2    | Found Vori's Distillery.
 28212 | Orc:2    | Noticed Donald
 28645 | Orc:2    | Killed Josephine
 29316 | Orc:2    | Found Bunepeich's General Store.
 29320 | Orc:2    | Bought a scroll of teleportation for 45 gold pieces
 29323 | Orc:2    | Bought a +2 cloak for 231 gold pieces
 29323 | Orc:2    | Bought a potion of curing for 42 gold pieces
 29341 | Orc:2    | Bought a potion of invisibility for 136 gold pieces
 29341 | Orc:2    | Bought a potion of lignification for 51 gold pieces
 29341 | Orc:2    | Bought a potion of might for 68 gold pieces
 29965 | Orc:2    | Found a staircase to the Elven Halls.
 29986 | Orc:2    | Slain by Donald

Illustrated notes

Levels and vault maps discovered:
D:1:      sevenhm_arrival_forest_fort_large_2, layout_loops_ring
D:2:      layout_basic, uniq_natasha
D:3:      layout_basic, nicolae_dithmenos_the_darkroom, serial_shops, shop,
          uniq_terence, uniq_jessica, uniq_crazy_yiuf_cottage
D:4:      layout_loops_ring, gammafunk_ghost_icy, uniq_pikel, uniq_sigmund,
          uniq_blork_the_orc, uniq_edmund
D:5:      layout_basic, vehumet_crystals, nicolae_ossuary_entry_plus,
          serial_shops, shop, minmay_misc_feat_rows, uniq_grinder
D:6:      gammafunk_steamed_eel, layout_loops_corners, kennysheep_mini_moat,
          minmay_temple_entry_mist
D:7:      layout_loops_ring, general_overflow_altar,
          kennysheep_okawaru_gauntlet, uniq_joseph
D:8:      minmay_razor_zed, layout_rooms, columned_hall_lemuel,
          minmay_shop_chei, minmay_strange_pillars,
          minmay_fractal_squares_gapless_5, uniq_gastronok
D:9:      layout_loops_ring, overflow_temple_1_default, zin_purify,
          hiddenorc2_lemuel
D:10:     layout_roguey, overflow_temple_1_default, bloody_makhleb,
          grunt_lair_entry_orc_guard_hut
D:11:     layout_layer_cave, nzn_wu_jian_contemplation
D:12:     layout_basic
D:13:     layout_roguey, lightli_vaults_fourway_checkpoint,
          gauntlet_entry_generic, trog_hazing_becter
Temple:   dshaligram_water_room_temple
Lair:1:   layout_chaotic_city, enter_volcano_3, chequers_serial_rivers_room_a,
          minivault_11, beast_lair_carwin_8, infiniplex_staircase_pool,
          uniq_erica
Lair:2:   layout_long_grid, minmay_shoals_entry_centaurs, grunt_megastairs_4,
          serial_bayou_shore_a
Lair:3:   layout_roguey, spider_nest_entry_web_field, basic_altar,
          minmay_lair_oklob_bushes
Lair:4:   layout_hall_layers, serial_bayou_pond_a,
          nzn_masters_of_martial_movement
Lair:5:   layout_regular_city, slime_dummy
Lair:6:   due_jungle_book, layout_long_grid, basic_altar,
          grunt_forest_large_clearings, infiniplex_staircase_pool_2,
          serial_bayou_shore_b, serial_bayou_shore_b
Orc:1:    layout_diamond_mine, mumra_transporter_accident, minmay_orc_temple_b
Orc:2:    st_orc_rangers, layout_diamond_mine, nicolae_orc_lost_temple,
          uniq_donald, uniq_nessos, uniq_josephine

Skill      XL: |  1  2  3  4  5  6  7  8  9 10 11 12 13 |
---------------+----------------------------------------+-----
Summonings     | 3 4 5 6 8 10 11 | 11.7
Hexes          | 1 2 3 |  3.0
Ice Magic      | 1 2 3 5 6 |  6.0
Armour         | 3 6 |  6.0
Fighting       | 2 4 8 10 | 10.0
Dodging        | 2 4 7 10 | 10.0
Invocations    | 3 12 | 12.1
Spellcasting   | 8 |  8.0
Conjurations   | 4 |  4.1
Throwing       | |  1.0
Shields        | |  1.0
Air Magic      | |  1.0

Action                   |  1- 3 |  4- 6 |  7- 9 | 10-12 | 13-15 || total
-------------------------+-------+-------+-------+-------+-------++-------
Melee: Dagger            |    53 |    24 |       |       |       ||    77
       Trident           |       |    30 |       |       |       ||    30
       Dire flail        |       |    10 |   208 |   249 |       ||   467
       Flail             |       |       |       |   165 |   242 ||   407
 Cast: Summon Small Mamm |    41 |    19 |    20 |    17 |    41 ||   138
       Call Imp          |    28 |    50 |    18 |    10 |    12 ||   118
       Summon Guardian G |       |     6 |     5 |     4 |    14 ||    29
       Frozen Ramparts   |       |     1 |    10 |    77 |    33 ||   121
       Ozocubu's Armour  |       |       |    11 |    39 |    14 ||    64
       Summon Ice Beast  |       |       |     2 |    32 |    42 ||    76
Invok: Channel Magic     |       |       |       |     3 |       ||     3
Evoke: Wand              |       |       |       |    35 |     3 ||    38
       Tin of tremorston |       |       |       |     1 |       ||     1
  Use: Scroll            |       |     7 |     9 |    11 |     9 ||    36
       Potion            |       |     2 |     3 |     1 |     3 ||     9
 Stab: Distracted        |     2 |       |     3 |       |     2 ||     7
       Sleeping          |       |     1 |     1 |       |       ||     2
Armor: Robe              |    13 |    10 |     9 |       |       ||    32
       Ring mail         |       |       |    80 |   219 |   167 ||   466
       Leather armour    |       |       |       |    29 |       ||    29
Dodge: Dodged            |    38 |    39 |   143 |   423 |   320 ||   963
Block: Other             |       |       |    50 |   145 |    94 ||   289
       Reflection        |       |       |     2 |     5 |    39 ||    46
       Kite shield       |       |       |       |       |    44 ||    44

Table legend: (Time is in decaauts)
 A = Elapsed time spent in this place.
 B = Non-inter-level travel time spent in this place.
 C = Inter-level travel time spent in this place.
 D = Time resting spent in this place.
 E = Time spent auto-exploring this place.
 F = Levels seen in this place.
 G = Mean time per level.
                   A        B        C        D        E       F      G
               +--------+--------+--------+--------+--------+-----+--------+
         Total |  30393 |  29515 |    878 |   4257 |  20513 |  23 | 1321.4 |
       Dungeon |  18691 |  18013 |    678 |   2222 |  13186 |  13 | 1437.8 |
        Temple |     91 |     83 |      8 |      0 |     76 |   1 |   91.0 |
          Lair |   7620 |   7469 |    151 |    462 |   5939 |   6 | 1270.0 |
  Orcish Mines |   3468 |   3428 |     40 |   1257 |   1196 |   2 | 1734.0 |
       Volcano |    520 |    520 |      0 |    316 |    115 |   1 |  520.0 |
               +--------+--------+--------+--------+--------+-----+--------+

Top non-repeatable levels by time:
  Lair:2: 2170 daAuts
   Orc:1: 1945 daAuts
     D:2: 1944 daAuts
     D:7: 1871 daAuts
     D:8: 1868 daAuts
     D:9: 1569 daAuts
  Lair:4: 1566 daAuts
     D:4: 1546 daAuts
    D:11: 1543 daAuts
   Orc:2: 1523 daAuts
     D:6: 1479 daAuts
     D:1: 1414 daAuts
     D:5: 1395 daAuts
  Lair:5: 1389 daAuts
     D:3: 1382 daAuts
